AoeStats
← Katovincere

Nomad

510311303Analyzed
2v2 RM · 16h ago on Sep 30, 2026· 45m 35s· 4 players
Game mode
Random Map
Map size
176×176
Population
200
Speed
Normal
Resources
Standard
Victory
Conquest
Starting age
Dark Age
Ending age
Imperial Age
RankedLock teamsTeams togetherTeam positionsShared explorationLock speedFull tech treeHidden civsTurbo modeCheats
Victory
Defeat
🇩🇪 Varangians · Germany
1062
+16
🇵🇰 Persians · Pakistan
1056
+16
🇨🇳 Huns · China
1075
-16
🇨🇳 Malay · China
1052
-16
NSN WAJID
5:34 Loom
16:52 Feudal Age
22:19 Castle Age
33:59 Pikeman
34:40 Squires
36:10 Scale Mail Armor
41:18 Double-Bit Axe
Pontifux
5:44 Loom
13:24 Feudal Age
14:23 Double-Bit Axe
14:57 Fishing Lines
20:40 Castle Age
18:51 Gold Mining
21:38 Medium Warships
21:51 Bow Saw
22:16 Fletching
23:47 Bodkin Arrow
26:34 Gillnets
28:27 Wheelbarrow
27:38 Town Watch
29:59 Bloodlines
29:09 Light Cavalry
31:50 Forging
33:28 Devotion
37:05 Imperial Age
36:49 Hand Cart
36:42 Scale Barding Armor
36:58 Horse Collar
37:40 Husbandry
38:33 Heavy Plow
39:34 Two-Man Saw
38:54 Hussar
40:36 Conscription
41:20 Elite Jarl
43:14 Chemistry
42:35 Ballistics
42:26 Masonry
43:44 Chain Barding Armor
44:18 Vendel Legacy
将恋情折成回忆
13:19 Loom
16:00 Feudal Age
17:15 Horse Collar
17:51 Double-Bit Axe
27:17 Castle Age
28:09 Heavy Plow
28:21 Bow Saw
29:29 Wheelbarrow
29:10 Gold Mining
37:43 Hand Cart
38:14 Gold Shaft Mining
39:22 Stone Mining
43:44 Imperial Age
41:49 Fletching
42:24 Ballistics
42:35 Bodkin Arrow
44:49 Bracer
45:03 Bloodlines
44:54 Husbandry
45:44 Padded Archer Armor
Katovincere
6:43 Loom
16:11 Feudal Age
15:45 Fishing Lines
19:55 Wheelbarrow
21:15 Gold Mining
23:01 Double-Bit Axe
27:46 Castle Age
30:53 Pikeman
35:15 Gold Shaft Mining
40:57 Horse Collar
42:19 Forging
42:01 Fletching
Connection lost

Rejoining the realm…

Still unreachable

The connection could not be restored.

Session expired

The server has moved on; the page needs a fresh start.